 Dungeon Crawl Stone Soup version 0.29-a0-243-g602b31c20e (webtiles) character file.

Game seed: 14793867685324926545

68 protoss039 the Digger (level 4, -10/24 HPs)
             Began as a Deep Elf Earth Elementalist on Mar 4, 2022.
             Killed by divine providence
             ... invoked by an orc priest
              (11 damage)
             ... on level 3 of the Dungeon.
             The game lasted 00:07:40 (2291 turns).

protoss039 the Digger (Deep Elf Earth Elementalist) Turns: 2291, Time: 00:07:40

Health: -10/24     AC:  3    Str:  5    XL:     4   Next: 1%
Magic:  0/11       EV: 12    Int: 22    God:
Gold:   56         SH:  3    Dex: 15    Spells: 4/10 levels left

rFire   . . .      SeeInvis .   c - +0 spear
rCold   . . .      Faith    .   d - +0 buckler
rNeg    . . .      Spirit   .   b - +0 robe
rPois   .          Reflect  .   (no helmet)
rElec   .          Harm     .   (no cloak)
rCorr   .          Rampage  .   l - +0 pair of gloves
Will    .....                   (no boots)
Stlth   ++........              (no amulet)
HPRegen 0.08/turn               g - +4 ring of slaying
MPRegen 0.12/turn               (no ring)

@: no status effects
A: no striking features
a: no special abilities


You were on level 3 of the Dungeon.
You visited 1 branch of the dungeon, and saw 3 of its levels.

You collected 56 gold pieces.

Inventory:

Hand Weapons
 c - a +0 spear (weapon)
 i - a +0 dagger
Missiles
 a - 114 stones
Armour
 b - a +0 robe (worn)
 d - a +0 buckler (worn)
 l - a +0 pair of gloves (worn)
Magical Staves
 o - a staff of cold
Jewellery
 g - a +4 ring of slaying (left hand)
Wands
 n - a wand of flame (22)
Scrolls
 j - a scroll of fog {unknown}
 k - a scroll of enchant armour {unknown}
 m - 2 scrolls of blinking {unknown}
 p - a scroll of identify {unknown}
Potions
 e - 3 potions of curing {unknown}
 f - a potion of brilliance {unknown}
 h - 2 potions of might {unknown}


   Skills:
 - Level 0.2 Short Blades
 - Level 0.2 Bows
 - Level 3.0 Dodging
 - Level 3.0 Stealth
 * Level 3.8 Spellcasting
 - Level 0.1 Conjurations
 - Level 0.3 Hexes
 + Level 0.1 Necromancy
 - Level 1.1 Transmutations
 * Level 4.3 Earth Magic


You had 4 spell levels left.
You knew the following spells:

 Your Spells              Type           Power      Damage    Failure   Level
a - Sandblast             Erth           46%        2d11      2%          1
b - Passwall              Tmut/Erth      13%        N/A       8%          2
c - Stone Arrow           Conj/Erth      26%        3d8       19%         3

Your spell library contained the following spells:

 Spells                   Type           Power      Damage    Failure   Level
 Animate Skeleton         Necr           8%         N/A       14%         1
 Pain                     Necr           16%        1d4       14%         1
 Vampiric Draining        Necr           4%         2d6       41%         3
 Petrify                  Tmut/Erth      16%        N/A       45%         4
 Borgnjor's Revivificati  Necr           2%         N/A       100%        8
 Necromutation            Tmut/Necr      3%         N/A       100%        8
 Death's Door             Necr           2%         N/A       100%        9


Dungeon Overview and Level Annotations

Branches:
Dungeon (3/15)

Altars:

Shops:
D:2 [


Message History

Aiming: Sandblast (safe; 2% risk of failure)
Press: ? - help, Shift-Dir - straight line, f/p - orc
Aim: an orc, wielding a +0 dagger (81% to hit)
The blast of sand hits the orc priest.
The orc priest is severely wounded.
The orc priest closely misses you.
Casting: Sandblast (safe; 2% risk of failure)
Confirm with . or Enter, or press ? or * to list all spells.
Aiming: Sandblast (safe; 2% risk of failure)
Press: ? - help, Shift-Dir - straight line, f/p - orc
Aim: an orc, wielding a +0 dagger (81% to hit)
The blast of sand misses the orc priest.
The blast of sand hits the orc!
You kill the orc!
You block the orc priest's attack.
You have reached level 4!
You feel clever.
Unknown command.
You hit the orc priest but do no damage.
The orc priest is severely wounded.
The orc priest hits you with a +0 flail!
Unknown command.
You are too injured to fight recklessly!
Unknown command.
You are too injured to fight recklessly!
Unknown command.
You are too injured to fight recklessly!
Unknown command.
You closely miss the orc priest.
The orc priest is severely wounded.
The orc priest closely misses you.
The orc priest calls down the wrath of Beogh upon you.
Beogh smites you!
* * * LOW HITPOINT WARNING * * *
Unknown command.
Unknown command.
Unknown command.
The orc priest mumbles some strange prayers to Beogh against you.
Beogh smites you!
You die...

.........## #.#
#..##.....# #.#
..###...#######.#
................#
..####..#########
#..# ...####..#
#........#
#######@## #.#
#o# #)# #)# .).
#...# .....
##...##


You could see an orc priest.

Vanquished Creatures
  3 adders
  A dart slug (D:2)
  3 orcs (D:3)
  3 ball pythons
  3 bats
  2 endoplasms
  4 giant cockroaches
  A goblin (D:2)
  2 hobgoblins (D:1)
  A quokka (D:2)
  5 frilled lizards
  4 kobolds
  4 rats
36 creatures vanquished.

Vanquished Creatures (others)
  3 plants (D:3)
3 creatures vanquished.

Grand Total: 39 creatures vanquished

Notes
Turn   | Place    | Note
-------+----------+-------------------------------------------
     0 | D:1      | protoss039 the Deep Elf Earth Elementalist began the quest
                  | for the Orb.
     0 | D:1      | Reached XP level 1. HP: 10/10 MP: 6/6
   464 | D:1      | Reached XP level 2. HP: 15/15 MP: 8/8
   756 | D:1      | Found a faded altar of an unknown god.
  1329 | D:2      | Reached XP level 3. HP: 19/19 MP: 7/9
  1679 | D:2      | Found Yluch's Armour Shop.
  1866 | D:2      | Reached skill level 4 in Earth Magic
  2058 | D:2      | Learned a level 2 spell: Passwall
  2194 | D:2      | Learned a level 3 spell: Stone Arrow
  2288 | D:3      | Reached XP level 4. HP: 19/24 MP: 0/11
  2289 | D:3      | HP: 1/24 [orc priest/divine providence (11)]
  2291 | D:3      | Killed from afar by an orc priest

Illustrated notes

Levels and vault maps discovered:
D:1:      ebering_trefoil_3fold, layout_basic, shapermc_ecumenical_altar_gd
D:2:      layout_rooms, serial_shops, nicolae_shop_stone
D:3:      layout_loops_corners, ashenzari_conservatory_becter,
          serial_bayou_lake_a

Skill      XL: |  1  2  3 |
---------------+----------+-----
Stealth        | 3 |  3.0
Dodging        | 3 |  3.0
Earth Magic    | 4 |  4.3
Short Blades   | |  0.2
Bows           | |  0.2
Spellcasting   | |  3.8
Conjurations   | |  0.1
Hexes          | |  0.3
Necromancy     | |  0.1
Transmutations | |  1.1

Action                   |  1- 3 |  4- 6 || total
-------------------------+-------+-------++-------
Melee: Spear             |   104 |     2 ||   106
 Cast: Sandblast         |    33 |       ||    33
       Passwall          |     1 |       ||     1
 Stab: Sleeping          |     7 |       ||     7
Armor: Robe              |    29 |       ||    29
Dodge: Dodged            |    77 |     1 ||    78
Block: Buckler           |    16 |       ||    16

Table legend: (Time is in decaauts)
 A = Elapsed time spent in this place.
 B = Non-inter-level travel time spent in this place.
 C = Inter-level travel time spent in this place.
 D = Time resting spent in this place.
 E = Time spent auto-exploring this place.
 F = Levels seen in this place.
 G = Mean time per level.
                   A        B        C        D        E       F      G
               +--------+--------+--------+--------+--------+-----+--------+
         Total |   2308 |   2263 |     45 |    249 |   1675 |   3 |  769.3 |
       Dungeon |   2308 |   2263 |     45 |    249 |   1675 |   3 |  769.3 |
               +--------+--------+--------+--------+--------+-----+--------+

Top non-repeatable levels by time:
     D:1: 1315 daAuts
     D:2: 895 daAuts
     D:3: 96 daAuts
